[Event "*** Titled Tuesday Blitz"]
[Site "Chess.com"]
[Date "2021.03.30"]
[Round "10"]
[White "Nesty_Javi_Chess"]
[Black "2nd_life"]
[Result "1-0"]
[WhiteElo "2622"]
[BlackElo "2425"]
[TimeControl "180+1"]
[EndTime "11:58:19 PDT"]
[Termination "Nesty_Javi_Chess won on time"]

1. e4 e5 2. Nf3 Nc6 3. d4 exd4 4. Bc4 Bc5 5. O-O d6 6. c3 dxc3 7. Nxc3 Nf6 8. a3 Bg4 9. b4 Bb6 10. Be2 O-O 11. Bb2 Bxf3 12. Bxf3 Nd4 13. Bg4 Nxg4 14. Qxg4 Qc8 15. Qd1 Qe6 16. Re1 c6 17. Na4 Nb5 18. Nxb6 axb6 19. Re3 f6 20. Qh5 Qf7 21. Qh4 Rae8 22.
Rae1 Nc7 23. Rh3 h6 24. Rhe3 Ne6 25. Qg4 Kh7 26. h3 Qg6 27. Qe2 Rf7 28. Rg3 Ng5 29. f3 Qh5 30. Qf2 Kh8 31. Rg4 Ne6 32. Qg3 Kh7 33. Qxd6 b5 34. Qg3 Rd8 35. Bc1 Rfd7 36. Kh2 Rd1 37. Rxd1 Rxd1 38. Be3 Qe5 39. f4 Qxe4 40.
Qf2 Qb1 41. Kg3 f5 42. Rh4 Rd3 43. Kh2 Qd1 44. Bc5 Rd2 45. Qg3 Qe2 46. Be7 Rd1 47.
Qb3 1-0

[Event "*** Titled Tuesday Blitz"]
[Site "Chess.com"]
[Date "2021.03.30"]
[Round "10"]
[White "Kislov_Oleg"]
[Black "Chesswizard_2007"]
[Result "1/2-1/2"]
[WhiteElo "2488"]
[BlackElo "2674"]
[TimeControl "180+1"]
[EndTime "11:58:19 PDT"]
[Termination "Game drawn by agreement"]

1. e4 c5 2. Nf3 Nf6 3. e5 Nd5 4. Nc3 e6 5. Nxd5 exd5 6. c3 d6 7. d4 Nc6 8. Bb5 cxd4 9. Qxd4 a6 10. Bxc6+ bxc6 11. Kf1 Be7 12. Bf4 O-O 13. Re1 Be6 14. h3 c5 15. Qd2 Rb8 16. Kg1 Qb6 17. b3 Rfd8 18. Kh2 dxe5 19. Bxe5 Rbc8 20. Qf4 f6 21. Qh4 Bf7 22. Bf4 Bf8 23. Qg4 d4 24. c4 Re8 25. Rxe8 Rxe8 26. Re1 Rxe1 27. Nxe1 Qe6 28. Qxe6 Bxe6 29. g4 g5 30. Bc7 f5 31. Kg3 Bd7 32.
Nd3 f4+ 33. Kf3 Bc6+ 34. Ke2 Bg2 35. Bb6 Bxh3 36. f3 h5 37. gxh5 Bf5 38. Nxc5 Bb1 39. a4 Bxc5 40. Bxc5 Ba2 41. a5 Bxb3 42. Kd3 Bd1 43.
Bxd4 Bxf3 44. Bf6 Bxh5 45. Bxg5 f3 46. Be3 Kf7 47. Ke4 Ke6 48. Bf2 Kd6 49. Kd4 Kc6 50.
Kc3 Bf7 1/2-1/2

[Event "*** Titled Tuesday Blitz"]
[Site "Chess.com"]
[Date "2021.03.30"]
[Round "10"]
[White "chessmadara"]
[Black "akanga001"]
[Result "0-1"]
[WhiteElo "2183"]
[BlackElo "2029"]
[TimeControl "180+1"]
[EndTime "11:58:19 PDT"]
[Termination "akanga001 won on time"]

1. c4 c5 2. g3 Nf6 3. Nf3 d5 4.
cxd5 Nxd5 5. Bg2 Nc6 6. O-O e5 7. Nc3 Nc7 8. d3 Be7 9. Be3 O-O 10. Rc1 Rb8 11. Na4 b6 12. a3 Bd7 13. b4 cxb4 14.
axb4 Bxb4 15. Qb3 Bd6 16. Ng5 Na5 17. Qa2 h6 18. Ne4 Be7 19. Bd2 Be6 20. Qc2 Nb5 21. Bxa5 bxa5 22. Nec5 Bxc5 23. Qxc5 f6 24. Qc6 Bf7 25.
Nc5 Nd4 26. Qe4 f5 27. Qe3 f4 28. Qd2 fxg3 29. hxg3 Bd5 30. Bxd5+ Qxd5 31. Ne4 Nb3 32. Qa2 Qb5 33. Rc5 Qb4 34. Rxe5 a4 35. Rc5 Kh8 36. Rc4 Qb6 37. Rxa4 Nc5 38. Rxa7 Nxe4 39. dxe4 Qg6 40. Qa1 Rbe8 0-1

[Event "*** Titled Tuesday Blitz"]
[Site "Chess.com"]
[Date "2021.03.30"]
[Round "10"]
[White "Irina_Baraeva"]
[Black "Blitzking642"]
[Result "1/2-1/2"]
[WhiteElo "2318"]
[BlackElo "2437"]
[TimeControl "180+1"]
[EndTime "11:58:24 PDT"]
[Termination "Game drawn - insufficient material"]

1. d4 Nf6 2. c4 c5 3. d5 b5 4.
cxb5 a6 5. bxa6 g6 6. Nc3 Bxa6 7. e4 Bxf1 8. Kxf1 d6 9. g3 Bg7 10. Kg2 O-O 11. Nf3 Qb6 12. a4 Na6 13. Qe2 Nc7 14. Nd2 Rfb8 15. Nc4 Qa6 16. Ra3 Nd7 17. Bg5 Nb6 18. Nxb6 Qxe2 19. Nxe2 Rxb6 20. Bxe7 Re8 21. Bg5 Rxe4 22. Kf3 Reb4 23. Bd8 Bxb2 24. Re3 Rb7 25. h4 Nxd5 26. Re8+ Kg7 27. h5 h6 28. a5 Ra4 29. Rd1 Nf6 30. Bxf6+ Bxf6 31. Rxd6 Rxa5 32. hxg6 fxg6 33. Ree6 Rf7 34. Nf4 Ra3+ 35. Kg2 Bd4 36. Rxg6+ Kf8 37. Rxh6 Ra2 38. Rd8+ Ke7 39. Rd5 Rxf2+ 40.
Kh3 R2xf4 41. gxf4 Rxf4 42. Rg5 Rf3+ 43. Kg2 Rf6 44.
Rg7+ Ke6 45. Rxf6+ Kxf6 46. Rc7 Ke5 47. Rxc5+ Bxc5 1/2-1/2

[Event "*** Titled Tuesday Blitz"]
[Site "Chess.com"]
[Date "2021.03.30"]
[Round "10"]
[White "MF1966Idrisov"]
[Black "AttilaTurzo"]
[Result "0-1"]
[WhiteElo "2369"]
[BlackElo "2500"]
[TimeControl "180+1"]
[EndTime "11:58:25 PDT"]
[Termination "AttilaTurzo won by resignation"]

1. Nf3 d5 2. b3 c6 3. Bb2 Bg4 4. e3 Nd7 5. Be2 Ngf6 6. d4 e6 7. Nbd2 Bd6 8. Ne5 Bxe2 9. Qxe2 O-O 10. O-O Qe7 11. a3 c5 12. c4 cxd4 13. exd4 dxc4 14. Ndxc4 Nd5 15. f4 N7b6 16. Rac1 Rac8 17. g3 Nf6 18.
Nxb6 axb6 19. b4 Bxe5 20. dxe5 Nd5 21. Bd4 Qd7 22. Qf2 b5 23. Bc5 Rfe8 24. Bd6 Rc4 25.
Rcd1 f5 26. Qf3 Qc6 27. Rd3 Rc8 28. Rfd1 Rc1 29. h4 Rxd1+ 30. Rxd1 Nc3 31. Qxc6 Rxc6 32. Rd3 h5 33. Bc5 Nd5 34. Kg2 Kf7 35. Kf3 g6 36.
Ke2 b6 37. Bf2 Rc2+ 38. Kf3 Ke8 39. Bd4 Rc1 40. Bf2 Rc6 41. Be3 Kd7 42. Bf2 Kc7 43. Be3 Rc2 44. Bf2 Kc6 45. Be3 Rc3 46. Rxc3+ Nxc3 47. Kf2 Nb1 48. Bc1 Kd5 49. Ke3 Kc4 50. Ke2 Kb3 51.
Kd3 Nxa3 52. Bxa3 Kxa3 53. Kc3 Ka4 0-1

[Event "*** Titled Tuesday Blitz"]
[Site "Chess.com"]
[Date "2021.03.30"]
[Round "10"]
[White "karwowskikacper"]
[Black "Fortitudine"]
[Result "1-0"]
[WhiteElo "2438"]
[BlackElo "2279"]
[TimeControl "180+1"]
[EndTime "11:58:26 PDT"]
[Termination "karwowskikacper won by resignation"]

1. b3 e5 2. Bb2 d6 3. c4 Nf6 4.
d4 exd4 5. Qxd4 Nc6 6. Qf4 Be7 7. e4 O-O 8. f3 Nh5 9. Qd2 Bg5 10. Qf2 Bf6 11. Nc3 Re8 12. Nge2 Nb4 13. O-O-O c6 14. g4 Bxc3 15. Nxc3 Nf4 16. h4 Qc7 17. Qd4 f6 18. Qxd6 Qxd6 19. Rxd6 Be6 20. a3 Na6 21. Kc2 Rad8 22.
Rxd8 Rxd8 23. Bc1 g5 24. Bxf4 gxf4 25. Ne2 b5 26. Nxf4 Bf7 27. cxb5 cxb5 28. Bxb5 Nc5 29.
Bc4 Bxc4 30. bxc4 Rc8 31. Rb1 Nd7 32. Rb4 Ne5 33. Nd5 Kf8 34. Kb3 Nxf3 35. Nxf6 Nd4+ 36.
Kb2 h6 37. g5 hxg5 38. hxg5 Ne6 39. g6 Kg7 40. Nd5 Kxg6 41. Ne7+ Kf7 42. Nxc8 Nc5 43.
Nd6+ Ke6 44. Nb5 Nd3+ 45. Kc3 1-0

[Event "*** Titled Tuesday Blitz"]
[Site "Chess.com"]
[Date "2021.03.30"]
[Round "10"]
[White "ymoy"]
[Black "FoggyMorning"]
[Result "0-1"]
[WhiteElo "2711"]
[BlackElo "2615"]
[TimeControl "180+1"]
[EndTime "11:58:27 PDT"]
[Termination "FoggyMorning won on time"]

1. e4 c5 2. Nf3 d6 3. d4 cxd4 4. Nxd4 Nf6 5. Nc3 g6 6. Be2 Bg7 7. Be3 Nc6 8. Nb3 O-O 9. O-O Be6 10. f4 Qc8 11. Bf3 Bg4 12. Kh1 Bxf3 13. Qxf3 Qg4 14. Rad1 Qxf3 15. Rxf3 Rfc8 16. a3 b5 17. h3 a5 18. Nxb5 Nxe4 19. c3 a4 20. N3d4 Rab8 21. Nxc6 Rxc6 22. Nd4 Bxd4 23. Rxd4 f5 24. Rb4 Rxb4 25.
axb4 a3 26. bxa3 Rxc3 27. Bb6 Rc1+ 28. Kh2 Nd2 29. Rd3 Nf1+ 30. Kg1 Ne3+ 31. Kf2 Nc4 32. Bd4 e5 33. fxe5 dxe5 34. Bc5 Rc2+ 35. Kg3 f4+ 36.
Kf3 Kf7 37. Rd7+ Ke6 38. Rxh7 Rc3+ 39. Ke2 Rxa3 40. Rg7 Kf5 41. b5 Rb3 42. Rb7 Ke4 43. b6 Rb2+ 44. Kd1 Rxg2 45. Rf7 Rb2 46. Rf6 f3 47. Kc1 Rb5 48. Bf2 g5 49. Bg1 Ne3 0-1

[Event "*** Titled Tuesday Blitz"]
[Site "Chess.com"]
[Date "2021.03.30"]
[Round "10"]
[White "DanilovVladimir"]
[Black "Gabix_94"]
[Result "0-1"]
[WhiteElo "2488"]
[BlackElo "2762"]
[TimeControl "180+1"]
[EndTime "11:58:27 PDT"]
[Termination "Gabix_94 won on time"]

1. d4 Nf6 2. c4 c5 3. d5 g6 4. Nc3 Bg7 5. e4 d6 6. h3 O-O 7. Nf3 e6 8. Bd3 Na6 9. O-O e5 10. Be3 Kh8 11. Qd2 Ng8 12. Ne1 f5 13. f4 Nb4 14. a3 Nxd3 15. Nxd3 fxe4 16. Nxe4 Bf5 17. Ng5 exf4 18. Bxf4 Qd7 19. g4 h6 20. gxf5 hxg5 21.
Bxg5 Rxf5 22. Rxf5 Qxf5 23. Rf1 Qxh3 24. Qh2 Qxh2+ 25.
Kxh2 Rf8 26. Rxf8 Bxf8 27. Nf4 Kh7 28. Ne6 Be7 29. Bf4 Nf6 30. Kg2 b5 31. b3 bxc4 32. bxc4 Kg8 33. Nc7 a5 34. Nb5 Ne8 35. Bd2 Bd8 36.
Bf4 Be7 37. Bd2 a4 38. Nc3 Kf7 39. Nxa4 Nc7 40. Nc3 Bf6 41. Nb5 Ne8 42. Bf4 Ke7 43.
a4 Kd7 44. a5 Be7 45. a6 Kc8 46. Kf3 g5 47. Kg4 gxf4 48. Kxf4 Nc7 0-1

[Event "*** Titled Tuesday Blitz"]
[Site "Chess.com"]
[Date "2021.03.30"]
[Round "10"]
[White "hypert"]
[Black "ural58"]
[Result "1-0"]
[WhiteElo "2539"]
[BlackElo "2486"]
[TimeControl "180+1"]
[EndTime "11:58:27 PDT"]
[Termination "hypert won by resignation"]

1. Nc3 d5 2. d3 d4 3. Nb1 g6 4.
h4 h6 5. g3 Bg7 6. Bg2 Nc6 7.
c3 Nf6 8. cxd4 Nxd4 9. Nc3 O-O 10. Nf3 Nxf3+ 11. Bxf3 c6 12. Bf4 Qa5 13. Qd2 Kh7 14.
O-O-O Bg4 15. Bxg4 Nxg4 16. Rdf1 e5 17. Be3 b5 18. Kb1 Rfd8 19. h5 g5 20. Bc5 b4 21.
Ne4 f5 22. Bxb4 Qb5 23. Nd6 Rxd6 24. Bxd6 Rd8 25. Ba3 e4 26. f3 e3 27. Qc2 Nf2 28.
Rhg1 g4 29. fxg4 fxg4 30. Rc1 Qxh5 31. Qxc6 Qe5 32. Rc5 Qd4 33. Rc4 Qe5 34. Rgc1 Qxg3 35. Qb7 Qe5 36. Rc7 Rg8 37. Re7 Qf6 38. Rcc7 g3 39. Rxe3 Qg6 40. Qg2 Qb6 41. Qxg3 Nh1 42. Qf4 Kh8 43. Ree7 Qg6 44. Qc1 Ng3 45. Bd6 Nf5 46.
Rxg7 Nxg7 47. Be5 Qf5 48. Qxh6+ Qh7 49. Bxg7+ Rxg7 50. Rc8+ Rg8 51. Rxg8+ Kxg8 52. Qxh7+ Kxh7 53. Kc2 1-0

[Event "*** Titled Tuesday Blitz"]
[Site "Chess.com"]
[Date "2021.03.30"]
[Round "10"]
[White "Korchmar_Vasiliy"]
[Black "crazyluzhinTh3"]
[Result "1-0"]
[WhiteElo "2650"]
[BlackElo "2525"]
[TimeControl "180+1"]
[EndTime "11:58:29 PDT"]
[Termination "Korchmar_Vasiliy won on time"]

1. g4 d5 2. Bg2 c6 3. c4 dxc4 4. g5 e5 5. Qc2 Be6 6. Nf3 Nd7 7. h4 Qc7 8. Nc3 Ne7 9. b3 cxb3 10. axb3 Nd5 11. Nxd5 Bxd5 12. O-O e4 13. Nd4 Qf4 14. d3 Qxh4 15. dxe4 Bd6 16. f4 Be6 17. Nf3 Qg3 18. f5 Ne5 19. fxe6 O-O 20. e7 Rfe8 21. Bb2 Ng4 22. Qc3 Be5 23. Qxe5 Nxe5 24. Bxe5 Qg4 25. Bd6 Qxe4 26. Rad1 Rxe7 27. Bxe7 Qxe7 28. Rd2 Qe3+ 29. Kh1 Rf8 30. b4 Qc3 31. Rd4 a5 32. bxa5 Qxa5 33. Rf4 b5 34. Nd4 c5 35. Ne6 Qa2 36. Nxf8 Kxf8 37. Rf5 g6 38. Rxc5 Qd2 39. Rxb5 Qe3 40. Rb8+ Kg7 41. Rb7 Qe8 42. Rbxf7+ Qxf7 43. Rxf7+ Kxf7 44. Kh2 Kg7 45. Kg3 h6 46. gxh6+ Kxh6 47. Kg4 g5 48. Be4 1-0

[Event "*** Titled Tuesday Blitz"]
[Site "Chess.com"]
[Date "2021.03.30"]
[Round "10"]
[White "Niktlt"]
[Black "attack2mateU"]
[Result "0-1"]
[WhiteElo "2579"]
[BlackElo "2737"]
[TimeControl "180+1"]
[EndTime "11:58:30 PDT"]
[Termination "attack2mateU won by checkmate"]

1. c4 g6 2. Nc3 c5 3. g3 Nc6 4.
Bg2 Bg7 5. Nf3 d6 6. O-O Bf5 7. e4 Bd7 8. d3 a6 9. Be3 e5 10. Rb1 Nge7 11. a3 O-O 12. b4 b6 13. Nd5 Nxd5 14. exd5 Ne7 15. bxc5 bxc5 16. Rb7 Bc8 17. Rb3 Nf5 18. Qb1 Nxe3 19. fxe3 Bh6 20. e4 Qc7 21. Rb6 Bd7 22. Rb7 Qc8 23. Qb6 Rb8 24. Rb1 Be3+ 25. Kh1 Rxb7 26. Qxb7 Qd8 27. Qxa6 Bg4 28. Rb6 Qf6 29. Nh4 Qf2 30. Rb1 Qc2 31. Qb6 Qxd3 32. Qb3 Qxb3 33. Rxb3 Bd4 34. Bf3 Bh3 35. Bg2 Bd7 36.
Bf1 Ra8 37. Nf3 Ra6 38. Nxd4 exd4 39. Bd3 Kg7 40. Kg2 Kf6 41. Kf3 Ke5 42. Ke2 Bg4+ 43. Kd2 Ra7 44. Kc2 Bf3 45. Kb2 Bxe4 46. Bf1 f5 47. Kc1 g5 48. Kd2 h5 49. Be2 h4 50. Bf1 hxg3 51. hxg3 Rh7 52. a4 Rh2+ 53.
Ke1 Ra2 54. Bd3 Rxa4 55. Be2 Ra1+ 56. Kf2 Ra2 57. Ke1 f4 58. gxf4+ Kxf4 59. Rh3 g4 60. Rh4 Ke3 61. Bd1 Ra1 62. Rh6 g3 63. Re6 g2 64.
Rg6 d3 65. Rg3+ Kf4 66. Rg4+ Ke3 67. Rg3+ Kd4 68. Kd2 Ra2+ 69. Ke1 Kxc4 70. Rg4 Kd4 71. Rg5 c4 72. Rg4 c3 73. Bf3 Ke3 74. Bd1 d2# 0-1

[Event "*** Titled Tuesday Blitz"]
[Site "Chess.com"]
[Date "2021.03.30"]
[Round "10"]
[White "Abund"]
[Black "Trankuilizer"]
[Result "1/2-1/2"]
[WhiteElo "2731"]
[BlackElo "2613"]
[TimeControl "180+1"]
[EndTime "11:58:32 PDT"]
[Termination "Game drawn by repetition"]

1. e4 e5 2. Nf3 Nc6 3. Bc4 Bc5 4.
c3 Nf6 5. d4 exd4 6. e5 d5 7. Bb5 Ne4 8. cxd4 Bb6 9. Nc3 O-O 10.
Be3 Bg4 11. h3 Bh5 12. Qc2 f5 13. Nxd5 Ba5+ 14. Kf1 Kh8 15. Nf4 Bxf3 16. gxf3 Ng5 17.
Bxc6 bxc6 18. Qxc6 Rb8 19. b3 Rb6 20. Qd5 Qxd5 21.
Nxd5 Rb5 22. Nf4 Nxf3 23. Ke2 Nxe5 24. dxe5 Rxe5 25. Rad1 g5 26. Nd3 Ree8 27. Kf3 h6 28. Bd4+ Kh7 29. b4 Bb6 30. Bc5 Rf7 31. Rhe1 Rxe1 32.
Rxe1 Rd7 33. Re7+ Rxe7 34. Bxe7 Kg6 35. Bc5 Kf6 36. a4 Ke6 37. Bxb6 cxb6 38. b5 Kd5 39. Nb4+ Kc5 40. Nc6 a6 41. Na7 axb5 42. axb5 h5 43. h4 gxh4 44. Kg2 Kd4 45. Nc8 Kc5 46. Na7 Kd4 47. Kf3 Kc5 48. Kg2 1/2-1/2

[Event "*** Titled Tuesday Blitz"]
[Site "Chess.com"]
[Date "2021.03.30"]
[Round "10"]
[White "DFeco"]
[Black "Tpros"]
[Result "1/2-1/2"]
[WhiteElo "2328"]
[BlackElo "2452"]
[TimeControl "180+1"]
[EndTime "11:58:32 PDT"]
[Termination "Game drawn by repetition"]

1. c4 e5 2. g3 d6 3. Bg2 g6 4. Nc3 Bg7 5. e4 Ne7 6. Nge2 Nbc6 7. O-O O-O 8. d3 Be6 9. h3 Qd7 10. Kh2 h6 11. Nd5 f5 12. f4 Rf7 13. Rb1 a5 14. a3 Raf8 15. b4 axb4 16. axb4 Nc8 17. Be3 Kh7 18. Qd2 N6e7 19. Rf2 c6 20. Nxe7 Nxe7 21. b5 c5 22. Nc3 exf4 23. gxf4 Ng8 24. Nd5 Nf6 25.
e5 dxe5 26. Bxc5 Rd8 27. fxe5 Nxd5 28. cxd5 Bxd5 29. d4 Bxg2 30. Rxg2 Bxe5+ 31. Kh1 Bxd4 32. Bxd4 Qxd4 33. Qxd4 Rxd4 34. Rc2 h5 35. b6 Rdd7 36. Rbc1 Kh6 37. Rc7 Kg5 38. Rxd7 Rxd7 39. Rc7 Rd2 40.
Rxb7 Rb2 41. Rb8 Kh4 42. Kg1 f4 43. b7 g5 44. Kf1 f3 45. Rf8 Kg3 46. b8=Q+ Rxb8 47. Rxb8 Kxh3 48. Kf2 g4 49. Rb1 Kh2 50. Rb4 Kh3 51.
Rb1 Kh2 52. Rb4 Kh3 53. Rb1 1/2-1/2

[Event "*** Titled Tuesday Blitz"]
[Site "Chess.com"]
[Date "2021.03.30"]
[Round "10"]
[White "alexrustemov"]
[Black "Savva09022009"]
[Result "1-0"]
[WhiteElo "2733"]
[BlackElo "2603"]
[TimeControl "180+1"]
[EndTime "11:58:34 PDT"]
[Termination "alexrustemov won by checkmate"]

1. d4 Nf6 2. c4 e6 3. Nf3 d5 4. Nc3 Bb4 5. Bg5 dxc4 6. e4 c5 7. Bxc4 cxd4 8. Nxd4 Qa5 9. Bd2 Qc5 10. Bb5+ Bd7 11.
Nb3 Qb6 12. Bd3 Bc6 13. Qe2 O-O 14. O-O Nbd7 15. Rad1 Ne5 16. Bc2 Bxc3 17. Bxc3 Bb5 18. Qd2 Bxf1 19. Rxf1 Nc6 20. Bxf6 gxf6 21. Qh6 Ne5 22.
Qxf6 Ng6 23. e5 Qd8 24. Bxg6 Qxf6 25. Bxh7+ Kxh7 26. exf6 Kg6 27. Nc5 Rac8 28. Ne4 Rc2 29. g4 Rh8 30. Kg2 Rxb2 31. Kg3 Re2 32. f3 Rhxh2 33.
Rd1 Rhg2+ 34. Kf4 Rxe4+ 35. fxe4 Rxa2 36. Rd7 b5 37. Rb7 a6 38. Ke5 Rc2 39. Rb8 Rc5+ 40. Kd6 Rc1 41. Rg8+ Kh6 42. g5+ Kh5 43. g6 Rd1+ 44.
Kc5 Rc1+ 45. Kb6 fxg6 46. f7 Rf1 47. f8=Q Rxf8 48. Rxf8 Kg5 49. Kxa6 b4 50. Kb5 b3 51. Kc4 b2 52. Rf1 Kg4 53. Kd4 Kg3 54. Ke3 Kg2 55.
Rb1 g5 56. Rxb2+ Kh3 57. Kf2 g4 58. Rb3+ g3+ 59. Rxg3+ Kh4 60. Rg6 e5 61. Kf3 Kh5 62. Re6 Kh4 63. Rxe5 Kh3 64. Rh5# 1-0

[Event "*** Titled Tuesday Blitz"]
[Site "Chess.com"]
[Date "2021.03.30"]
[Round "10"]
[White "Deepweb2020"]
[Black "comsac"]
[Result "1-0"]
[WhiteElo "2500"]
[BlackElo "2368"]
[TimeControl "180+1"]
[EndTime "11:58:34 PDT"]
[Termination "Deepweb2020 won on time"]

1. Nf3 d5 2. c4 e6 3. g3 Nf6 4. Bg2 Be7 5. O-O O-O 6. b3 b6 7.
Bb2 Bb7 8. d4 c5 9. Nc3 Na6 10.
cxd5 exd5 11. dxc5 bxc5 12. Rc1 Nc7 13. Na4 Ne6 14.
Qc2 Rc8 15. Rfd1 Qa5 16. Bc3 Qa6 17. Bf1 c4 18. Nd4 cxb3 19. axb3 Nxd4 20. Rxd4 Ne4 21. Qd1 Bf6 22. e3 Qe6 23. Rd3 Nxc3 24. Nxc3 Ba6 25.
Rxd5 Bxf1 26. Rd6 Qh3 27. Qxf1 Qxf1+ 28. Kxf1 Rxc3 29. Rb1 Rfc8 30. Kg2 Rb8 31. b4 Be7 32. Rd7 Bxb4 33. Rxb4 Rcc8 34. Ra4 Ra8 35. Ra6 g6 36. h4 h5 37. Kf3 Kg7 38. Kf4 Rc4+ 39. e4 Rc2 40. f3 Rc3 41. Raxa7 Rxa7 42. Rxa7 Rc5 43. e5 Rc4+ 44. Kg5 Rc6 45. Re7 Kf8 46. Rb7 Kg7 47. Rb3 Re6 48. f4 Re7 49. Rb6 Rd7 50. g4 hxg4 51. Kxg4 Rd4 52. Rb7 Kg8 53.
Kg5 Rc4 54. e6 fxe6 55. Kxg6 1-0

[Event "*** Titled Tuesday Blitz"]
[Site "Chess.com"]
[Date "2021.03.30"]
[Round "10"]
[White "muchojogo"]
[Black "GM_Crest"]
[Result "1-0"]
[WhiteElo "2445"]
[BlackElo "2684"]
[TimeControl "180+1"]
[EndTime "11:58:35 PDT"]
[Termination "muchojogo won by resignation"]

1. d4 Nf6 2. Bf4 d5 3. e3 c5 4. c3 Nc6 5. Nd2 Bf5 6. Ngf3 e6 7. Nh4 Bg4 8. Qb3 Qb6 9. h3 Bh5 10. g4 Bg6 11. Nxg6 hxg6 12. Be2 Be7 13. Qxb6 axb6 14. Bc7 Nd7 15. dxc5 bxc5 16. e4 d4 17. Nc4 dxc3 18. bxc3 O-O 19. O-O Rfc8 20. Bd6 g5 21. Rfb1 Ra7 22. Rb2 Bxd6 23. Nxd6 Rb8 24. Rab1 b6 25. Bb5 Nce5 26. a4 Nf6 27. Kg2 Rd8 28. Rd2 Kf8 29. Rbd1 Raa8 30. f3 Ke7 31. Nc4 Nxc4 32.
Bxc4 Rxd2+ 33. Rxd2 Rxa4 34. Bb5 Ra7 35. c4 Nd7 36. Bxd7 Rxd7 37. Ra2 Kf6 38. Ra6 Rd2+ 39. Kg3 Rb2 40. Ra7 Rb4 41. Rb7 Ke5 42. Rxf7 Rxc4 43.
Rxg7 b5 44. Rxg5+ Kf6 45. Rg8 b4 46. g5+ Kf7 47. Rb8 Rc3 48. h4 b3 49. h5 c4 50.
Rb7+ Kf8 51. h6 Rc1 52. Kf4 Rh1 53. Ke5 Rh5 54. Kf6 Ke8 55. Kxe6 Kd8 56. Kd6 Kc8 57.
Rc7+ Kb8 58. Rxc4 Rxg5 59. Rb4+ Kc8 60. Rxb3 Rg6+ 61. Kd5 Rxh6 62. e5 1-0

[Event "*** Titled Tuesday Blitz"]
[Site "Chess.com"]
[Date "2021.03.30"]
[Round "10"]
[White "monikarozman"]
[Black "onetowin"]
[Result "1-0"]
[WhiteElo "2204"]
[BlackElo "2015"]
[TimeControl "180+1"]
[EndTime "11:58:35 PDT"]
[Termination "monikarozman won by resignation"]

1. d4 Nf6 2. c4 e6 3. Nf3 d5 4. Nc3 dxc4 5. e3 a6 6. Bxc4 b5 7. Bb3 Bb7 8. O-O Nbd7 9. Qc2 c5 10. dxc5 Qc7 11. Nd4 Bxc5 12. Nce2 Rc8 13. Bd2 Qe5 14. f4 Qh5 15. Rac1 O-O 16. Ng3 Qg4 17. Qd3 h5 18. Bd1 Qg6 19. Qxg6 fxg6 20. Nxe6 Rfe8 21. Nxc5 Nxc5 22.
b4 Rcd8 23. bxc5 Rxd2 24. Bb3+ Kh7 25. c6 Ba8 26. Rf2 Rd3 27. Nf1 Rc8 28. Rfc2 Ne4 29. c7 Nd6 30. Be6 Nc4 31. Bxc8 Nxe3 32. Nxe3 Rxe3 33. Bh3 Re8 34. c8=Q Rxc8 35. Rxc8 Be4 36. R8c7 g5 37. Ra7 Kg6 38. Rcc7 g4 39. Rxg7+ Kf5 40. Bxg4+ Kxf4 41. h3 Ke3 42. Bxh5 Kd4 43. Bg6 Bd5 44. Bf7 Ke5 45. Rg5+ Kd4 46. Rxd5+ Kc3 47. Rc7+ Kb2 48.
Rd2+ 1-0

[Event "*** Titled Tuesday Blitz"]
[Site "Chess.com"]
[Date "2021.03.30"]
[Round "10"]
[White "MarcoRiehle"]
[Black "Mr_Sinigami"]
[Result "0-1"]
[WhiteElo "2697"]
[BlackElo "2577"]
[TimeControl "180+1"]
[EndTime "11:58:37 PDT"]
[Termination "Mr_Sinigami won by checkmate"]

1. e4 d5 2. exd5 Nf6 3. c4 c6 4.
Nc3 cxd5 5. cxd5 Nxd5 6. Nf3 Nc6 7. Bb5 g6 8. Qa4 Nb6 9. Bxc6+ bxc6 10. Qxc6+ Bd7 11.
Qe4 Bg7 12. d4 O-O 13. O-O Rc8 14. Re1 Bc6 15. Qxe7 Bxf3 16. Qxd8 Rfxd8 17. gxf3 Bxd4 18. Bg5 f6 19. Be3 Bxc3 20. bxc3 Rxc3 21. Rab1 Nc4 22.
Bxa7 Nd2 23. Red1 Rcd3 24. Kg2 Nxb1 25. Rxb1 Ra3 26. Be3 Rxa2 27. Rb6 Re8 28. Kg3 Kf7 29. h4 Ra5 30. Rb3 Rf5 31. Rc3 Re7 32. Rb3 Rd7 33.
Rc3 h5 34. Rb3 Rfd5 35. Rb6 R5d6 36. Rb8 Rd3 37. Bc5 Rc3 38. Be3 Rcd3 39. Bc5 Rd1 40. Rf8+ Kg7 41. Ra8 Rc1 42. Be3 Rb1 43. Ra6 Rb5 44. Rc6 Rbd5 45. Ra6 Re7 46. Rb6 Rde5 47. Bd4 R5e6 48. Rb8 Rd7 49. Be3 Re5 50. Rb6 Red5 51.
Rc6 g5 52. Ra6 gxh4+ 53. Kxh4 Kg6 54. Ra8 Rf5 55. Rg8+ Rg7 56. Rh8 Rxf3 57. Rh6+ Kf7 58. Rxh5 Ke6 59. Ra5 Rf5 60. Ra6+ Kf7 61. Ra7+ Kg8 62.
Ra8+ Kh7 63. Ra1 Rd5 64. Ra6 Rd1 65. Rxf6 Rh1# 0-1

[Event "*** Titled Tuesday Blitz"]
[Site "Chess.com"]
[Date "2021.03.30"]
[Round "10"]
[White "TeukkaSalama"]
[Black "NishaOnYoutube"]
[Result "0-1"]
[WhiteElo "2317"]
[BlackElo "2232"]
[TimeControl "180+1"]
[EndTime "11:58:37 PDT"]
[Termination "NishaOnYoutube won on time"]

1. e4 Nf6 2. Nc3 d5 3. exd5 Nxd5 4. Bc4 c6 5. Qf3 e6 6. Nge2 Nd7 7. O-O Ne5 8. Qe4 Nxc4 9. Qxc4 Bd6 10. d4 O-O 11. Re1 Qh4 12. Ng3 Bd7 13. Nce4 Bf4 14. Qb3 b6 15. c4 Bxc1 16. Raxc1 Nf4 17. Qf3 Rad8 18.
Rcd1 Bc8 19. c5 Nd5 20. Nd6 Bd7 21. a3 Qf4 22. Qxf4 Nxf4 23. b4 f5 24. Ne2 Nd5 25.
Rd3 g6 26. g3 Kg7 27. f4 Kf6 28. Kf2 Bc8 29. Nxc8 Rxc8 30. Ng1 Rfe8 31. Nf3 b5 32. Ne5 Re7 33. Rd2 a5 34. h3 axb4 35. axb4 Nxb4 36.
Rde2 Nd5 37. Kf3 Nc3 38. Re3 Ne4 39. g4 Ra7 40. g5+ Ke7 41. Rxe4 fxe4+ 42. Kxe4 Ra3 43. Ng4 Rd8 44. Nf6 h5 45. h4 Rda8 46. Ke5 b4 47. Re4 b3 0-1

[Event "*** Titled Tuesday Blitz"]
[Site "Chess.com"]
[Date "2021.03.30"]
[Round "10"]
[White "PavelChernomordik"]
[Black "I_Enchev"]
[Result "0-1"]
[WhiteElo "2388"]
[BlackElo "2546"]
[TimeControl "180+1"]
[EndTime "11:58:38 PDT"]
[Termination "I_Enchev won on time"]

1. e4 c6 2. Nc3 d5 3. Qf3 e5 4.
exd5 Nf6 5. Bc4 b5 6. Bb3 b4 7. Ne4 Nxd5 8. Ne2 Be7 9. d3 O-O 10. Qg3 f5 11. Bh6 Rf7 12. Ng5 Bxg5 13. Bxg5 Qd6 14.
f4 e4 15. dxe4 fxe4 16. O-O-O Nd7 17. Rd4 Nc5 18. Bxd5 cxd5 19. Rhd1 Be6 20. f5 Qa6 21. fxe6 Nxe6 22. R4d2 Qxa2 23. Rxd5 Qa1+ 24. Kd2 Qxb2 25.
Qe5 Qxe5 26. Rxe5 Nxg5 27. Rxg5 Rc8 28. Rd5 Rf2 29. Ke3 Rxg2 30. Rd8+ Rxd8 31. Rxd8+ Kf7 32. Rd7+ Kf6 33. h4 a5 34. Ra7 Rh2 35. Rxa5 Rxh4 36. Ra6+ Ke5 37. Ra5+ Kf6 38. Nf4 g5 39. Nd5+ Kg6 40.
Nxb4 h5 41. Ra6+ Kg7 42. Nd5 Rh2 43. c4 Rc2 44. Kd4 h4 45. Ra1 h3 46. Rg1 h2 47.
Rh1 g4 48. Ne3 Rd2+ 49. Kxe4 g3 50. Kf3 Rd3 51. Rf1 Rxe3+ 0-1

[Event "*** Titled Tuesday Blitz"]
[Site "Chess.com"]
[Date "2021.03.30"]
[Round "10"]
[White "Agoking701"]
[Black "MasterKroket"]
[Result "1-0"]
[WhiteElo "2355"]
[BlackElo "2519"]
[TimeControl "180+1"]
[EndTime "11:58:38 PDT"]
[Termination "Agoking701 won by resignation"]

1. e4 c5 2. Nf3 e6 3. d4 cxd4 4.
Nxd4 Nc6 5. Nxc6 bxc6 6. Bd3 d5 7. O-O Nf6 8. Nd2 Be7 9. Re1 O-O 10. Qf3 c5 11. b3 Bb7 12. Bb2 Nd7 13. Rad1 Bf6 14.
Bxf6 Qxf6 15. exd5 exd5 16. Qh3 g6 17. Qxd7 Rab8 18. Qe7 Qc3 19. Nb1 Qb4 20. a3 Qb6 21. Nc3 Qa5 22. b4 cxb4 23. axb4 Qb6 24. Na4 Qc6 25. Nc5 Rfe8 26. Qg5 Bc8 27. Rxe8+ Qxe8 28. Qd2 d4 29. Re1 Qd8 30. Bc4 Bf5 31. Bb3 Qd6 32. h3 a5 33. Ne4 Bxe4 34. Rxe4 Rxb4 35. Re8+ Kg7 36. Qd3 a4 37. Ba2 a3 38. g3 Qd7 39.
Re4 Qxh3 40. Rf4 f5 41. Rxd4 Rb7 42. Rd7+ Rxd7 43. Qxd7+ Kh6 44. Qd4 g5 45. Qf6+ Kh5 46. Bf7+ Kg4 47. Qd4+ Kf3 48. Bd5+ Ke2 49. Qe3+ Kd1 50.
Qd3+ Kc1 51. Qf1+ Kb2 52. Qxh3 a2 53. Bxa2 Kxa2 54. Qxh7 Kb2 55. Qxf5 1-0